[Event "*** SCC Grand Prix: Titled Tuesday Blitz"]
[Site "Chess.com"]
[Date "2020.06.23"]
[Round "7"]
[White "m-garcett"]
[Black "MateusViageiro"]
[Result "0-1"]
[WhiteElo "2053"]
[BlackElo "2254"]
[TimeControl "180+1"]
[EndTime "11:17:56 PDT"]
[Termination "MateusViageiro won on time"]

1. e4 c5 2. Nf3 d6 3. d4 cxd4 4. Nxd4 Nf6 5. Nc3 a6 6. Bg5 e6 7.
f4 h6 8. Bh4 Be7 9. Qf3 Qc7 10.
O-O-O Nbd7 11. g4 b5 12. a3 Bb7 13. Bxf6 Nxf6 14. h4 Rc8 15. g5 Nxe4 16. Nxe4 e5 17.
fxe5 dxe5 18. g6 O-O 19. Bd3 exd4 20. gxf7+ Rxf7 21. Qg4 Rf4 22. Qe6+ Kh8 23. Kb1 b4 24. axb4 Bxb4 25. Qg6 Qf7 26. Qxf7 Rxf7 27. Rhf1 Rxf1 28.
Rxf1 Rf8 29. Rxf8+ Bxf8 30. Ng3 Be7 31. Nf5 Bf6 32.
Nd6 Bd5 33. h5 Be5 34. Nf5 Bf7 35. Bxa6 Bxh5 36. Bd3 Bg4 37. b4 h5 38. Nh4 Bf6 39. Ng6+ Kg8 40. b5 Kf7 41. b6 Bf3 42. Nf4 h4 0-1

[Event "*** SCC Grand Prix: Titled Tuesday Blitz"]
[Site "Chess.com"]
[Date "2020.06.23"]
[Round "7"]
[White "jlandaw"]
[Black "AlexOstrovskiy"]
[Result "0-1"]
[WhiteElo "2551"]
[BlackElo "2713"]
[TimeControl "180+1"]
[EndTime "11:17:57 PDT"]
[Termination "AlexOstrovskiy won by checkmate"]

1. e4 c6 2. Nf3 d5 3. Nc3 Bg4 4. h3 Bh5 5. g4 Bg6 6. exd5 cxd5 7. Bb5+ Nc6 8. Ne5 Rc8 9. d4 e6 10. O-O Bd6 11. f4 Ne7 12. Ne2 Qb6 13. Bxc6+ Nxc6 14. Nxc6 Rxc6 15. c3 Be4 16. Ng3 f5 17. gxf5 exf5 18.
Nxe4 dxe4 19. Qb3 Qxb3 20. axb3 a6 21. b4 Kf7 22. Kf2 Bc7 23. Be3 Rh6 24. Rh1 Rh4 25. Kg3 g5 26. Raf1 Rg8 27. Rf2 Rxf4 28. Bxf4 gxf4+ 29. Kh4 f3 30. Rff1 Bg3+ 31. Kh5 Bf4 32.
Rhg1 Rxg1 33. Rxg1 e3 34. Rf1 e2 35. Rxf3 e1=Q 36. Rxf4 Kf6 37. d5 Qe8+ 38. Kh4 Qe1+ 39. Kh5 Qg3 40. Rd4 Qxh3+ 41. Rh4 Qf3+ 42. Kh6 Qxd5 43.
Kxh7 Qf7+ 44. Kh6 Qg7+ 45. Kh5 Qg6# 0-1

[Event "*** SCC Grand Prix: Titled Tuesday Blitz"]
[Site "Chess.com"]
[Date "2020.06.23"]
[Round "7"]
[White "Batsai"]
[Black "Nafania1"]
[Result "0-1"]
[WhiteElo "2372"]
[BlackElo "2514"]
[TimeControl "180+1"]
[EndTime "11:17:58 PDT"]
[Termination "Nafania1 won by resignation"]

1. e4 e6 2. d4 d5 3. Nc3 h6 4.
exd5 exd5 5. Bd3 Nf6 6. Nge2 Be7 7. Bf4 O-O 8. O-O c5 9. dxc5 Bxc5 10. Nb5 Nc6 11. c3 a6 12. Nbd4 Bg4 13. f3 Bd7 14.
Kh1 Re8 15. Bc2 Qb6 16. Nb3 Bf8 17. Ned4 Ne5 18. a4 Nc4 19. a5 Qd8 20. Qc1 Rc8 21. Nf5 b5 22. Nbd4 b4 23. cxb4 Bxb4 24. Bxh6 g6 25.
Nh4 Ne5 26. Qg5 Nh7 27. Qg3 Be7 28. Nhf5 Bf6 29. Bb1 Nc4 30. Nd6 Be5 31. Bxg6 Bxg3 32. Bxf7+ Kh8 33. N4f5 Bxf5 34. Nxf5 Rg8 35. hxg3 Qf6 36.
Bxg8 Rxg8 37. Bg7+ Rxg7 38. Nxg7 Kxg7 39. Rfe1 Ng5 40.
Rad1 d4 41. b3 Ne3 42. Rc1 Nxf3 43. gxf3 Qxf3+ 0-1

[Event "*** SCC Grand Prix: Titled Tuesday Blitz"]
[Site "Chess.com"]
[Date "2020.06.23"]
[Round "7"]
[White "BJthechessgod"]
[Black "Marcin"]
[Result "1-0"]
[WhiteElo "2223"]
[BlackElo "2361"]
[TimeControl "180+1"]
[EndTime "11:17:59 PDT"]
[Termination "BJthechessgod won by resignation"]

1. e4 c5 2. Nf3 e6 3. d4 cxd4 4.
Nxd4 Nc6 5. Nc3 Qc7 6. Ndb5 Qb8 7.
Be3 Nf6 8. Be2 a6 9. Bb6 axb5 10.
Nxb5 Bb4+ 11. c3 Ba5 12. Nc7+ Qxc7 13. Bxc7 Bxc7 14. Bf3 O-O 15. O-O Ne5 16. Re1 b6 17. g3 Nxf3+ 18. Qxf3 Bb7 19. Qd3 Bc6 20. c4 e5 21. a3 Rfb8 22. b4 b5 23. c5 Ra4 24.
Rad1 Rba8 25. Re3 h6 26. f3 Nh7 27. h4 Nf8 28. Kf2 Ne6 29. Qc3 Nd4 30. f4 f6 31.
f5 Rxa3 32. Qxa3 Rxa3 33. Rxa3 Bxe4 34. g4 Kf7 35. Ra7 Bd8 36. Rxd7+ Ke8 37. Rxg7 h5 38. gxh5 Bxf5 39. h6 Kf8 40. Rdg1 Be7 41. Rg8+ Kf7 42. R1g7+ Ke6 43. Re8 Nc6 44. h7 Bxh7 45. Rxh7 Kd7 46.
Ra8 Nxb4 47. Ra7+ 1-0

[Event "*** SCC Grand Prix: Titled Tuesday Blitz"]
[Site "Chess.com"]
[Date "2020.06.23"]
[Round "7"]
[White "eCztery"]
[Black "Karateloru"]
[Result "0-1"]
[WhiteElo "2379"]
[BlackElo "2632"]
[TimeControl "180+1"]
[EndTime "11:18:01 PDT"]
[Termination "Karateloru won on time"]

1. e4 c5 2. Nf3 e6 3. d4 cxd4 4. Nxd4 Bc5 5. Nb3 Bb6 6. Nc3 Ne7 7. Bd3 O-O 8. O-O f5 9. Kh1 fxe4 10. Nxe4 d5 11.
Ng5 h6 12. Qh5 e5 13. Nh7 Rf5 14. Bxf5 Bxf5 15. Nf6+ gxf6 16. Bxh6 Nbc6 17. Rae1 Qe8 18. Qh4 Qg6 19. Nd2 Bxc2 20. Be3 Nf5 21. Qh3 Bd3 22.
Rg1 d4 23. Bxd4 Nfxd4 24. Re3 Bf5 25. Rg3 Bxh3 26. Rxg6+ Kf7 27. gxh3 Ne7 28. Rg7+ Ke6 29. Nc4 Rc8 30. Nxb6 axb6 31. h4 Nf3 32. R1g4 f5 33. Rg3 e4 34. h5 Rh8 35. Rh3 Kf6 36. Rgg3 Rh6 37. Kg2 Nd5 38. Kf1 Ne5 39. Rg8 Ng4 40. Rf8+ Ke5 41. Re8+ Kf4 42. Rg8 Rc6 43. Rg6 Rc1+ 44.
Kg2 Rc2 45. h6 Nde3+ 0-1

[Event "*** SCC Grand Prix: Titled Tuesday Blitz"]
[Site "Chess.com"]
[Date "2020.06.23"]
[Round "7"]
[White "chessmaugli"]
[Black "Azatic"]
[Result "0-1"]
[WhiteElo "2308"]
[BlackElo "2543"]
[TimeControl "180+1"]
[EndTime "11:18:03 PDT"]
[Termination "Azatic won on time"]

1. e4 c5 2. Nf3 e6 3. c3 d5 4. exd5 Qxd5 5. d4 Nf6 6. Na3 a6 7. Nc4 Nbd7 8. Ne3 Qc6 9. Be2 Bd6 10. O-O O-O 11. c4 cxd4 12. Qxd4 b6 13. Ng5 Qc7 14. Qh4 h6 15. Nf3 Bb7 16. Rd1 Rad8 17. Bd2 Ne5 18.
Nxe5 Bxe5 19. Rac1 Bxb2 20. Rb1 Bd4 21. Bb4 Bc5 22. Bc3 Ne4 23. Ba1 Be7 24. Qh3 Bf6 25. Ng4 Bxa1 26. Rxa1 f5 27. Ne3 Nc3 28. Re1 Rd2 29.
Bf3 Bxf3 30. gxf3 Ne2+ 31. Kh1 Qf4 32. Ng2 Qd4 33. Ne3 Qf4 34. Ng2 Qd6 35. Qh4 Qd4 36. Qxd4 Nxd4 37. Nf4 Nxf3 38. Re2 Rxe2 39. Nxe2 Rd8 40.
Nf4 Rd2 41. Kg2 Nd4 42. Rb1 g5 43. Nh3 b5 44. cxb5 axb5 0-1

[Event "*** SCC Grand Prix: Titled Tuesday Blitz"]
[Site "Chess.com"]
[Date "2020.06.23"]
[Round "7"]
[White "Guenplen"]
[Black "praveenb2002"]
[Result "1-0"]
[WhiteElo "2922"]
[BlackElo "2770"]
[TimeControl "180+1"]
[EndTime "11:18:05 PDT"]
[Termination "Guenplen won by resignation"]

1. Nf3 d5 2. e3 c5 3. b3 Nc6 4. Bb2 Bg4 5. Bb5 e6 6. h3 Bh5 7. g4 Bg6 8. Ne5 Ne7 9. f4 f6 10.
Nxg6 hxg6 11. Bf1 Qc7 12. Bg2 O-O-O 13. Qe2 g5 14. fxg5 fxg5 15. Nc3 Ng6 16. O-O-O Nh4 17. Kb1 Be7 18. Rhf1 Nxg2 19. Qxg2 a6 20. Ne2 Ne5 21. Ng3 Rhf8 22. Rxf8 Rxf8 23. Rf1 Ng6 24. Rxf8+ Bxf8 25. Nh5 Qf7 26. c4 Nh4 27. Qh1 Nf3 28. cxd5 exd5 29. Qc1 Kd7 30. Ng3 g6 31. Ne2 Bd6 32. Nc3 d4 33.
Ne4 Qe7 34. d3 Ne5 35. Kc2 Nc6 36.
a3 dxe3 37. Qxe3 Nd4+ 38. Bxd4 cxd4 39. Qxd4 Kc7 40. Qxd6+ Qxd6 41. Nxd6 Kxd6 42. Kd2 Ke5 43. Ke3 Kd5 44. a4 Kc5 45. d4+ Kb4 46. d5 Kc5 47.
Ke4 Kd6 48. Kd4 b6 49. b4 a5 50. bxa5 bxa5 51. Kc4 Ke5 52. Kc5 Kf4 53. d6 Kg3 54.
d7 Kxh3 55. d8=Q Kxg4 56. Qf6 1-0

[Event "*** SCC Grand Prix: Titled Tuesday Blitz"]
[Site "Chess.com"]
[Date "2020.06.23"]
[Round "7"]
[White "PlayChessSimple"]
[Black "CalinGheorghiu"]
[Result "0-1"]
[WhiteElo "2521"]
[BlackElo "2392"]
[TimeControl "180+1"]
[EndTime "11:18:05 PDT"]
[Termination "CalinGheorghiu won by resignation"]

1. e4 c5 2. Nf3 d6 3. c3 Nf6 4. h3 Nbd7 5. Bd3 b6 6. Bc2 Bb7 7. d3 Rc8 8. O-O g6 9. Re1 Qc7 10. Nbd2 Bg7 11. Nf1 O-O 12. Ng3 e5 13. Bg5 Rfe8 14.
Qd2 d5 15. Bh6 Bh8 16. Nh4 c4 17. dxc4 dxe4 18. Nxe4 Nxe4 19. Bxe4 Bxe4 20. Rxe4 Nf6 21. Ree1 Qxc4 22. Nf5 Qe6 23. Nd6 Red8 24. Rad1 Rc6 25. Qg5 Rcxd6 26. Rxd6 Qxd6 27. Rxe5 Nd5 28. Re2 Bf6 29.
Qg4 Ne7 30. Bf4 Qd7 31. Qf3 Nf5 32. g3 h5 33. h4 Qd3 34. Qxd3 Rxd3 35. Re8+ Kg7 36.
Ra8 Rd7 37. Bb8 a5 38. Ba7 Rb7 39. b4 Bxc3 40. b5 Nd4 41. a4 Ne6 42. Bb8 Bd4 43. Bd6 Bc5 44. Be5+ f6 45. Bc3 Rd7 46. Rc8 Kf7 47. Kf1 Bb4 48. Bxb4 axb4 49. a5 bxa5 50. b6 Rb7 51. Rc6 b3 0-1

[Event "*** SCC Grand Prix: Titled Tuesday Blitz"]
[Site "Chess.com"]
[Date "2020.06.23"]
[Round "7"]
[White "alenee"]
[Black "viktorskliarov"]
[Result "0-1"]
[WhiteElo "2382"]
[BlackElo "2543"]
[TimeControl "180+1"]
[EndTime "11:18:05 PDT"]
[Termination "viktorskliarov won by resignation"]

1. e4 c5 2. Nf3 Nc6 3. d4 cxd4 4.
Nxd4 Nf6 5. Nc3 e5 6. Ndb5 d6 7. Bg5 a6 8. Na3 b5 9. Nd5 Be7 10.
Bxf6 Bxf6 11. c3 O-O 12. Nc2 Rb8 13. Be2 Bg5 14. O-O Ne7 15. Ncb4 Bb7 16. Qd3 Nxd5 17.
Nxd5 g6 18. a4 bxa4 19. Rxa4 Bxd5 20. Qxd5 Rxb2 21. Bxa6 Qb6 22. Bc4 Qc5 23. Qxc5 dxc5 24. Bd5 Bd2 25. c4 Bc3 26. Ra3 Bd4 27. Rf3 Kg7 28.
Rd1 f5 29. g3 fxe4 30. Rxf8 Kxf8 31. Bxe4 Bxf2+ 32. Kg2 Bd4+ 33. Kh3 Ke7 34. Bd5 h5 35. Rf1 g5 36. g4 h4 37. Rf5 Bg1 38. Bg2 e4 39.
Re5+ Kf6 40. Rxe4 Rb3+ 41. Bf3 Bxh2 42. Kg2 Bf4 43. Re8 h3+ 44. Kf2 Rb2+ 45. Kg1 h2+ 46. Kh1 Rb1+ 47. Bd1 Rxd1+ 0-1

[Event "*** SCC Grand Prix: Titled Tuesday Blitz"]
[Site "Chess.com"]
[Date "2020.06.23"]
[Round "7"]
[White "akashcheck"]
[Black "jaskol95"]
[Result "1/2-1/2"]
[WhiteElo "2229"]
[BlackElo "2388"]
[TimeControl "180+1"]
[EndTime "11:18:06 PDT"]
[Termination "Game drawn - insufficient material"]

1. e4 e6 2. d4 d5 3. exd5 exd5 4. Nf3 Bd6 5. Bd3 Ne7 6. O-O h6 7. c3 O-O 8. Nbd2 Nd7 9. Re1 f5 10. Ne5 Bxe5 11. dxe5 Nc5 12. Bc2 Be6 13. Nf3 c6 14.
Nd4 Qd7 15. b4 Na6 16. Qd3 Nc7 17. Bb3 a5 18. bxa5 Rxa5 19. Nxe6 Nxe6 20. c4 Nc5 21. Qc3 Nxb3 22. axb3 Rxa1 23. Qxa1 d4 24. Ba3 b6 25. Bxe7 Qxe7 26. Qxd4 c5 27. Qd5+ Kh7 28. Qd6 Qxd6 29. exd6 Rd8 30. Re6 Kg8 31. f4 Kf7 32. Re5 g6 33.
Re7+ Kf6 34. Rh7 Rxd6 35. Rxh6 Rd1+ 36. Kf2 Rd2+ 37. Kf1 Rd1+ 38. Ke2 Rb1 39. Rh3 Rb2+ 40. Kf1 Rb1+ 41. Kf2 Rb2+ 42. Kf1 g5 43. Rh6+ Kg7 44. Rxb6 gxf4 45. Rb5 Kf6 46. Rxc5 Rxb3 47. h3 Rb2 48. Rc8 Ke5 49. c5 Ke4 50. c6 f3 51. gxf3+ Kxf3 52. Ke1 Rc2 53. c7 f4 54. Kd1 Rc6 55. h4 Kf2 56. h5 f3 57. h6 Rd6+ 58. Kc2 Rxh6 59. Kd3 Rc6 60. Kd4 Kf1 61. Kd5 Rc1 62. Kd6 f2 63.
Rf8 Ke2 64. Rxf2+ Kxf2 65. Kd7 Rxc7+ 66. Kxc7 1/2-1/2

[Event "*** SCC Grand Prix: Titled Tuesday Blitz"]
[Site "Chess.com"]
[Date "2020.06.23"]
[Round "7"]
[White "Vandros57"]
[Black "PattyCastillo"]
[Result "0-1"]
[WhiteElo "2150"]
[BlackElo "1933"]
[TimeControl "180+1"]
[EndTime "11:18:06 PDT"]
[Termination "PattyCastillo won on time"]

1. d4 d5 2. Nf3 Nf6 3. c4 c6 4. e3 e6 5. Nc3 Nbd7 6. Qc2 Bd6 7.
Be2 O-O 8. O-O e5 9. dxe5 Nxe5 10. cxd5 cxd5 11. Rd1 Be6 12. b3 Rc8 13. Bd2 Nxf3+ 14.
Bxf3 Qc7 15. Qd3 Bxh2+ 16. Kf1 Be5 17. Rac1 Qd7 18. Nb5 a6 19. Nd4 Bxd4 20. Qxd4 Qb5+ 21. Kg1 Qd7 22. Bb4 Rfd8 23. Ba3 b5 24. Bb2 Ne8 25. g3 Qe7 26. Qf4 Nf6 27. Qg5 Re8 28.
Bxf6 Qxf6 29. Qxf6 gxf6 30. Rxc8 Rxc8 31. Bxd5 Rd8 32. e4 Kf8 33. f4 f5 34. Kf2 fxe4 35.
Ke2 Rxd5 36. Rxd5 Bxd5 37. Ke3 f5 38. Kd4 Kg8 39. Ke3 Kf7 40. Ke2 Ke6 41. Ke3 Bc6 42.
Ke2 a5 43. Ke3 a4 44. Kd4 axb3 45. axb3 Bd5 46. b4 Bc6 47. Ke3 Kd5 48. Kd2 Kc4 0-1

[Event "*** SCC Grand Prix: Titled Tuesday Blitz"]
[Site "Chess.com"]
[Date "2020.06.23"]
[Round "7"]
[White "Angry_Twin"]
[Black "GeorgMeier"]
[Result "1-0"]
[WhiteElo "2810"]
[BlackElo "2898"]
[TimeControl "180+1"]
[EndTime "11:18:07 PDT"]
[Termination "Angry_Twin won on time"]

1. e4 e6 2. d4 d5 3. Nc3 dxe4 4. Nxe4 Nd7 5. Nf3 Ngf6 6. Nxf6+ Nxf6 7. Be3 Bd6 8. Bd3 b6 9. Qe2 Bb7 10. O-O-O O-O 11.
Kb1 c5 12. dxc5 bxc5 13. Bg5 h6 14. Bxf6 Qxf6 15. Be4 Rab8 16. b3 Bxe4 17. Qxe4 Rfd8 18. Rd3 Bf8 19. Rhd1 g5 20. Qe5 Bg7 21. Qxf6 Bxf6 22.
Rxd8+ Rxd8 23. Rxd8+ Bxd8 24. Kb2 c4 25. Nd2 cxb3 26.
axb3 Bb6 27. f3 f5 28. Kc3 Kf7 29. Kc4 Be3 30. Nb1 Kf6 31. Kb5 Ke5 32. Nc3 Bg1 33.
h3 Bf2 34. Ne2 Kd6 35. c4 e5 36. b4 e4 37. c5+ Ke5 38. fxe4 fxe4 39. Kc4 h5 40. b5 g4 41. hxg4 hxg4 42. c6 Bb6 43. Nc3 e3 44. Kd3 Bc5 45. Nd1 Kf4 46. c7 1-0

[Event "*** SCC Grand Prix: Titled Tuesday Blitz"]
[Site "Chess.com"]
[Date "2020.06.23"]
[Round "7"]
[White "Airquake"]
[Black "TST2014"]
[Result "1-0"]
[WhiteElo "2675"]
[BlackElo "2526"]
[TimeControl "180+1"]
[EndTime "11:18:07 PDT"]
[Termination "Airquake won on time"]

1. e4 c5 2. Nf3 Nc6 3. Bb5 g6 4. O-O Bg7 5. Re1 Nf6 6. c3 O-O 7. d4 d5 8. e5 Ne4 9. Bf1 f6 10.
exf6 exf6 11. dxc5 Nxc5 12. Be3 Ne4 13. Nbd2 f5 14. Qb3 Na5 15. Qa3 Nc6 16. Rad1 Be6 17. Nxe4 fxe4 18. Ng5 Qf6 19. Nxe6 Qxe6 20. Qb3 Ne7 21.
Bc5 Kh8 22. Qxb7 Rae8 23. Bb5 Rb8 24. Qd7 Qxd7 25. Bxd7 Rfd8 26. Be6 Bf6 27. Re2 a5 28. g3 Kg7 29. Bxe7 Bxe7 30. Rxd5 Rxd5 31. Bxd5 Bf6 32. Bxe4 a4 33. a3 h5 34. Bc6 h4 35. Kg2 Rd8 36.
Bxa4 hxg3 37. hxg3 g5 38. Bc2 Rb8 39. Bf5 Rb5 40.
g4 Rc5 41. a4 Be5 42. b4 Rd5 43. c4 Rd4 44. Rxe5 Rxc4 45. Rb5 Kf6 46. a5 Rc3 47. a6 Ra3 48. Ra5 Rb3 49. a7 Rxb4 50. a8=Q Rxg4+ 51.
Bxg4 Kg7 52. Qb7+ 1-0

[Event "*** SCC Grand Prix: Titled Tuesday Blitz"]
[Site "Chess.com"]
[Date "2020.06.23"]
[Round "7"]
[White "GelmanAlexander"]
[Black "51616516516"]
[Result "0-1"]
[WhiteElo "2549"]
[BlackElo "2361"]
[TimeControl "180+1"]
[EndTime "11:18:08 PDT"]
[Termination "51616516516 won by resignation"]

1. c4 Nf6 2. Nf3 e6 3. d3 d5 4. Nbd2 c5 5. e3 Nc6 6. a3 Be7 7. b3 O-O 8. Bb2 Re8 9. Rg1 Bf8 10. g4 g6 11. h4 e5 12. g5 Nh5 13. cxd5 Qxd5 14.
Be2 Bh3 15. Qc2 Rad8 16. Rd1 Nd4 17. exd4 exd4 18. Ne4 Bg7 19. Bc1 Bf5 20. Qc4 Bxe4 21. dxe4 Qxe4 22. Kf1 Nf4 23. Bxf4 Qxf4 24. Rg3 b6 25. a4 Be5 26. Bd3 Bc7 27. Kg2 Qd6 28. h5 Qd7 29. hxg6 hxg6 30. Bxg6 Bxg3 31. fxg3 Kg7 32.
Bd3 Qe6 33. Qc2 Qg4 34. Nh4 Kg8 35. Nf5 Qxg5 36. Rh1 Re6 37. Rh4 Rg6 38. Qf2 Re8 39. Rf4 Re3 40. Nxe3 dxe3 41. Qxe3 Re6 42. Re4 Qxe3 43.
Rxe3 Rxe3 44. Bc4 Rc3 45. Kf2 Kg7 46. g4 Kf6 47. Ke2 Kg6 48. Kd2 Rg3 49. Bd5 Rxg4 50.
Kd3 Rd4+ 0-1

[Event "*** SCC Grand Prix: Titled Tuesday Blitz"]
[Site "Chess.com"]
[Date "2020.06.23"]
[Round "7"]
[White "SantoBlue"]
[Black "penguingm1"]
[Result "0-1"]
[WhiteElo "2792"]
[BlackElo "2913"]
[TimeControl "180+1"]
[EndTime "11:18:09 PDT"]
[Termination "penguingm1 won by checkmate"]

1. c4 e6 2. Nf3 d5 3. b3 Nf6 4.
Bb2 Bd6 5. g3 O-O 6. Bg2 b6 7. O-O Bb7 8. d3 c5 9. e3 Nc6 10. Nc3 dxc4 11. bxc4 a6 12. Qe2 Rb8 13. Ne1 Na7 14. a4 Bxg2 15. Nxg2 Nc6 16. f4 Re8 17. g4 Bf8 18. g5 Nd7 19. Ne4 b5 20. axb5 axb5 21.
cxb5 Rxb5 22. f5 c4 23. g6 exf5 24. gxf7+ Kxf7 25. Qh5+ Kg8 26. Ng5 h6 27. Qf7+ Kh8 28. Bc3 Nde5 29. Qh5 Kg8 30. d4 hxg5 31. dxe5 Nxe5 32.
Rxf5 g6 33. Rxg5 Qxg5 34. Qd1 Bg7 35. Ra7 Nd3 36. Qf1 Rf5 37. Rxg7+ Kf8 38. Qa1 Re7 39.
Qa8+ Re8 40. Qa3+ Re7 41. Qa8+ Re8 42. Qb7 Nc5 43. Qc7 Qd8 44. Qa7 Qd1+ 45. Be1 Qd6 46. Rh7 Qf6 47. Bh4 Rf1# 0-1

[Event "*** SCC Grand Prix: Titled Tuesday Blitz"]
[Site "Chess.com"]
[Date "2020.06.23"]
[Round "7"]
[White "LiverpooL174"]
[Black "Durarbayli"]
[Result "1/2-1/2"]
[WhiteElo "2694"]
[BlackElo "2844"]
[TimeControl "180+1"]
[EndTime "11:18:09 PDT"]
[Termination "Game drawn by repetition"]

1. e4 c5 2. Nf3 d6 3. d4 cxd4 4. Qxd4 Nc6 5. Bb5 Bd7 6. Bxc6 bxc6 7. Nc3 e5 8. Qd3 h6 9. Be3 Nf6 10. g3 Qa5 11. Bd2 Qc7 12. h4 Be7 13. Be3 a5 14. g4 Nxg4 15. Rg1 a4 16. a3 O-O 17. O-O-O Qb7 18. Rde1 Rfb8 19. Nd1 Qb5 20. Qd2 Kf8 21. c3 Rb7 22. h5 Rab8 23. Rg2 Qc4 24. Qc2 Qa2 25. Reg1 Nxe3 26. fxe3 Bf6 27. Qxa4 Qa1+ 28. Kd2 Rxb2+ 29. Nxb2 Rxb2+ 30. Kd3 Rb1 31. Qc2 Rxg1 32. Rxg1 Qxa3 33. Rb1 Kg8 34. Kd2 Bg4 35. Ne1 Bxh5 36. Nd3 Bg6 37. Qb3 Qxb3 38. Rxb3 Bxe4 39. Rb8+ Kh7 40.
Nb4 h5 41. Nd3 h4 42. Nf2 Bf3 43. Rb4 h3 44. Nxh3 g5 45. Rb7 Kg6 46. Ng1 e4 47. Ke1 Bxc3+ 48. Kf2 g4 49. Nxf3 exf3 50. Rb6 Be5 51. Rxc6 Kf5 52. Rc7 f6 53. Rc4 d5 54.
Rb4 Kg5 55. Rb5 Kh4 56. Rxd5 Bg3+ 57. Kg1 Be5 58. Kf2 Bg3+ 59. Kg1 Be5 60. Kf2 1/2-1/2

[Event "*** SCC Grand Prix: Titled Tuesday Blitz"]
[Site "Chess.com"]
[Date "2020.06.23"]
[Round "7"]
[White "K-Nygren"]
[Black "ljuks68"]
[Result "1-0"]
[WhiteElo "2533"]
[BlackElo "2375"]
[TimeControl "180+1"]
[EndTime "11:18:10 PDT"]
[Termination "K-Nygren won on time"]

1. e4 e6 2. d4 d5 3. Nc3 Bb4 4. e5 Ne7 5. Qg4 c5 6. a3 Bxc3+ 7. bxc3 Qc7 8. Qxg7 Rg8 9. Qxh7 cxd4 10. Qd3 Qxe5+ 11. Ne2 dxc3 12. Bf4 Qf6 13. Qxc3 Qxc3+ 14. Nxc3 a6 15. h4 Nbc6 16. h5 e5 17. Bd2 Bf5 18. Rb1 b5 19. h6 Bxc2 20. Rc1 Bh7 21. Nxd5 Nxd5 22. Rxc6 Kd7 23. Rc1 Rac8 24. g3 Rxc1+ 25. Bxc1 Ke6 26.
Be2 f5 27. Rh4 Rc8 28. Bd2 Rc2 29. g4 fxg4 30. Rxg4 Ra2 31. f3 Rxa3 32. Rg7 Nf6 33. Bg5 Bf5 34. Rb7 Nh7 35. Bh4 Ra1+ 36. Kf2 Ra2 37.
Ke3 Ra3+ 38. Kd2 Ra2+ 39. Ke1 Ra1+ 40. Kf2 Ra2 41. Rb6+ Kd5 42. Rb8 Ke6 43. Ra8 Bd3 44. Ke3 Bxe2 45. Rh8 1-0

[Event "*** SCC Grand Prix: Titled Tuesday Blitz"]
[Site "Chess.com"]
[Date "2020.06.23"]
[Round "7"]
[White "Ekka83"]
[Black "Ashedu66"]
[Result "1-0"]
[WhiteElo "2351"]
[BlackElo "2164"]
[TimeControl "180+1"]
[EndTime "11:18:10 PDT"]
[Termination "Ekka83 won on time"]

1. e4 e5 2. Nf3 Nc6 3. d4 exd4 4. Nxd4 Bb4+ 5. c3 Be7 6. Nf5 d5 7. Nxg7+ Kf8 8. exd5 Kxg7 9. dxc6 Qxd1+ 10. Kxd1 bxc6 11.
Bf4 Bd6 12. Be3 Nf6 13. f3 Re8 14. Bd4 c5 15. Bxf6+ Kxf6 16. Bb5 Rg8 17. g3 Bb7 18. Rf1 h5 19. Nd2 Rad8 20. Kc2 h4 21. Ne4+ Kg6 22. Bd3 f5 23. Nxd6 Rxd6 24. gxh4 Kf6 25. Rg1 Rgd8 26. Bc4 Rd2+ 27. Kb3 Bxf3 28. Rae1 Be4 29. Ka3 Rxh2 30. Rgf1 Ke5 31. h5 Rdd2 32. b4 cxb4+ 33. cxb4 Rxh5 34.
Bf7 Rh3+ 35. Ka4 Rh6 36. Ka5 Rb6 37. Bc4 Rd4 38. Rc1 f4 39. b5 f3 40. Rce1 Kf4 41.
Kb4 Rbd6 42. Kc5 Rf6 43. Kxd4 Rd6+ 44. Kc5 Rd2 45. a4 Rc2 46. Kd4 Rd2+ 47. Kc3 Rd6 48. a5 Rh6 49. Rd1 1-0

[Event "*** SCC Grand Prix: Titled Tuesday Blitz"]
[Site "Chess.com"]
[Date "2020.06.23"]
[Round "7"]
[White "larbiben"]
[Black "NotFischer"]
[Result "0-1"]
[WhiteElo "2023"]
[BlackElo "2197"]
[TimeControl "180+1"]
[EndTime "11:18:10 PDT"]
[Termination "NotFischer won on time"]

1. e4 c5 2. c3 d5 3. exd5 Qxd5 4. d4 Nf6 5. Nf3 Bg4 6. Qa4+ Nc6 7. Bc4 Qe4+ 8. Be3 cxd4 9. Nbd2 Qf5 10. Nxd4 Qd7 11.
Bb5 Rc8 12. Nc4 Qc7 13. Nxc6 bxc6 14. Ba6 Rd8 15. O-O e6 16. Bg5 Be7 17. Na5 Bf5 18. Nb7 Rd7 19. Bxf6 Bxf6 20. Nc5 Re7 21. h3 O-O 22.
Bd3 Bxd3 23. Nxd3 Rd8 24. Nc5 Red7 25. Nxd7 Rxd7 26. Rad1 Rxd1 27. Rxd1 g6 28. Qd4 Bxd4 29. Rxd4 Kg7 30. g3 a5 31. a4 Qb6 32. b4 axb4 33.
Rxb4 Qa6 34. Kg2 Qe2 35. h4 Qd3 36. Rb3 Qc4 37. Ra3 Qc5 38. Ra1 Qxc3 39. Rd1 Qc2 40. Rd4 Qc5 41. Rf4 Qd5+ 42. Kh2 c5 43. a5 c4 44. a6 c3 45. a7 c2 46. Rc4 Qxc4 0-1

[Event "*** SCC Grand Prix: Titled Tuesday Blitz"]
[Site "Chess.com"]
[Date "2020.06.23"]
[Round "7"]
[White "Micki-taryan"]
[Black "Onischuk_V"]
[Result "1/2-1/2"]
[WhiteElo "3032"]
[BlackElo "2898"]
[TimeControl "180+1"]
[EndTime "11:18:11 PDT"]
[Termination "Game drawn - insufficient material"]

1. e4 d6 2. Nf3 Nf6 3. Nc3 g6 4. d4 Bg7 5. Be3 O-O 6. h3 d5 7.
exd5 Nxd5 8. Nxd5 Qxd5 9. c3 Nc6 10. Be2 e5 11. dxe5 Qxd1+ 12. Rxd1 Nxe5 13. O-O Nxf3+ 14. Bxf3 c6 15. Rfe1 Be6 16. a4 a6 17. a5 Rfd8 18. Bb6 Rxd1 19. Rxd1 Bf8 20. Bg4 f5 21. Bf3 Kf7 22.
g4 Re8 23. Kg2 Bg7 24. Bc5 Bf6 25. Kg3 Rd8 26. Rxd8 Bxd8 27. Bb6 Bg5 28. b4 Be7 29. Bd4 Bd6+ 30. Kg2 fxg4 31. hxg4 Bd5 32. Bxd5+ cxd5 33. Be3 h5 34. Kh3 Be5 35. Bd2 Bf6 36. Kg3 Ke6 37.
f4 hxg4 38. Kxg4 Be7 39. Be3 Bf6 40. Bd2 Kd6 41. f5 gxf5+ 42. Kxf5 Bg7 43. Bf4+ Kc6 44.
Be5 Bh6 45. Ke6 Bd2 46. Bf6 Be1 47. Be5 Bf2 48. Bf6 b6 49. Bd4 bxa5 50. Bxf2 axb4 51. cxb4 a5 52. bxa5 Kb7 53. Kxd5 Ka8 54. Kc6 Kb8 55. a6 Ka8 56. Kb6 Kb8 57. Bg3+ Ka8 58. Bb8 Kxb8 59. a7+ Ka8 60. Kc7 Kxa7 1/2-1/2

[Event "*** SCC Grand Prix: Titled Tuesday Blitz"]
[Site "Chess.com"]
[Date "2020.06.23"]
[Round "7"]
[White "tamarozi99"]
[Black "Dr_crypt"]
[Result "0-1"]
[WhiteElo "2069"]
[BlackElo "2355"]
[TimeControl "180+1"]
[EndTime "11:18:13 PDT"]
[Termination "Dr_crypt won on time"]

1. e4 e5 2. Nf3 Nc6 3. Bb5 a6 4. Ba4 Nf6 5. Qe2 d6 6. c3 Bd7 7. O-O g6 8. Rd1 Bg7 9. d4 Qe7 10. d5 Nd8 11. Bc2 O-O 12. a4 Nh5 13. b4 a5 14. b5 b6 15. Ba3 Nb7 16. Nbd2 f5 17. Nf1 f4 18. c4 g5 19. Nxe5 f3 20.
Nxf3 Nf4 21. Qe3 Nc5 22. Rab1 g4 23. Nd4 Bh6 24. Qg3 Bg7 25. Rd2 Bxd4 26. Kh1 Be5 27. Bb2 h5 28. Bxe5 Qxe5 29. Ne3 Qg5 30. h3 h4 31. Qh2 g3 32. fxg3 hxg3 33. h4 Qg7 34. Qg1 Rae8 35. Qe1 Re5 36. Bd1 Rf6 37. Bf3 Ncd3 38.
Qd1 Nf2+ 39. Rxf2 gxf2 40. Ng4 Bxg4 41. Bxg4 Rh6 42. g3 Ng6 43. Kg2 Nxh4+ 44. Kxf2 Rg6 0-1

[Event "*** SCC Grand Prix: Titled Tuesday Blitz"]
[Site "Chess.com"]
[Date "2020.06.23"]
[Round "7"]
[White "MuhittinBuker"]
[Black "rududuyk"]
[Result "1-0"]
[WhiteElo "1914"]
[BlackElo "2136"]
[TimeControl "180+1"]
[EndTime "11:18:13 PDT"]
[Termination "MuhittinBuker won by resignation"]

1. d4 e6 2. c4 f5 3. Nf3 Nf6 4. g3 Be7 5. Bg2 O-O 6. O-O d6 7. Nc3 Ne4 8. Qc2 Nxc3 9. Qxc3 a5 10. b3 Bf6 11. Bb2 Nc6 12. Qd2 e5 13. dxe5 dxe5 14. Rfd1 Qe8 15. e3 Kh8 16. Qe2 Be6 17. Rd2 Qh5 18.
Rad1 Rae8 19. Nd4 Qxe2 20. Nxe2 h6 21. Bc3 e4 22. Bxf6 Rxf6 23. Nd4 Nb4 24. Bf1 Bf7 25. a3 Na6 26. Nb5 Bh5 27. Be2 Bxe2 28. Rxe2 Rf7 29.
Red2 Nc5 30. Rd8 Rxd8 31. Rxd8+ Kh7 32. Nd4 Nd3 33. Kf1 Kg6 34. h4 b6 35. Ke2 c5 36.
Ne6 Nc1+ 37. Kd1 Nxb3 38. Nf4+ Kf6 39. Rd6+ Ke7 40. Rxb6 a4 41. Ng6+ Ke8 42. Rb8+ Kd7 43. Ne5+ Ke6 44. Nxf7 Kxf7 45. Ra8 g5 46. hxg5 hxg5 47.
Rxa4 f4 48. gxf4 gxf4 49. exf4 Ke6 50. Ra8 Kf5 51. Rf8+ Ke6 52. f5+ Ke7 53. Rb8 Nd4 54. Rc8 Kd7 55. Rxc5 Kd6 56. Rd5+ 1-0